LOS ANGELES vs WINNIPEG

Created - July 17, 2021 at 13:06

Goals
1 2 3 T
LOS ANGELES 2 0 3 5
WINNIPEG 1 1 2 4
Shots
1 2 3 T
LOS ANGELES 8 6 14 28
WINNIPEG 10 8 13 31

1st period

1. LOS ANGELES , Jonathan Toews 6 (Mike Hoffman 9, Alex Goligoski 11) at 1:09
2. LOS ANGELES , Tyler Seguin 10 (Josh Manson 3) at 15:12
3. WINNIPEG , Patric Hornqvist 3 (Sidney Crosby 8) at 18:26 (PP)

Penalties :
Travis Zajac (LOS) for Holding (Minor) at 18:18

2nd period

4. WINNIPEG , Alex Ovechkin 8 (Jay Beagle 11) at 18:10

Penalties :
Josh Manson (LOS) for Roughing (Minor) at 1:54, Jay Beagle (WPG) for Hooking (Minor) at 10:29

3rd period

5. LOS ANGELES , Nick Bonino 6 (Jonathan Toews 11, Alex Goligoski 12) at 5:39 (PP)
6. WINNIPEG , J.T. Miller 4 (Marcus Pettersson 3, Sidney Crosby 9) at 5:47
7. WINNIPEG , J.T. Miller 5 (Sidney Crosby 10, Oscar Fantenberg 1) at 7:09
8. LOS ANGELES , Tyler Seguin 11 (Ryan McDonagh 6) at 7:37
9. LOS ANGELES , Artem Anisimov 2 (Zdeno Chara 8, Vladislav Namestnikov 7) at 16:19

Penalties :
Justin Braun (WPG) for High sticking (Minor) at 3:35, Alexander Edler (WPG) for Hooking (Minor) at 3:56, Oscar Fantenberg (WPG) for Charging (Minor) at 10:09, Alex Goligoski (LOS) for High sticking (Minor) at 13:07, Kris Letang (LOS) for Roughing (Minor) at 16:32

Goalie Stats

Antti Raanta (LOS), 27 saves from 31 shots - (0.871), W, 11-4-2, 60:00 minutes
Connor Hellebuyck (WPG), 23 saves from 28 shots - (0.821), L, 8-4-1, 59:01 minutes

Players Stats for LOS ANGELES

Player Name              G  A  P  +/- PIM S  H  SB GA TA FO     MP     PP MP  PK MP  
------------------------------------------------------------------------------------
Alex Goligoski           0  2  2   2  2   1  0  1  0  0  0/0    18:29   2:54   1:37 
Artem Anisimov           1  0  1   0  0   2  0  0  0  0  0/0    13:42   0:00   0:00 
Gabriel Bourque          0  0  0   0  0   0  0  0  0  0  0/0     4:55   0:00   0:00 
Johnny Boychuk           0  0  0   0  0   1  0  1  0  0  0/0    15:21   0:00   0:12 
Jonathan Toews           1  1  2   1  0   1  0  0  0  0  11/24  19:42   3:09   3:18 
Josh Manson              0  1  1   0  2   1  2  0  0  0  0/0    16:03   0:00   1:47 
Kris Letang              0  0  0  -1  2   2  4  1  0  0  0/0    24:45   3:08   2:01 
Matthew Tkachuk          0  0  0   0  0   3  1  0  0  0  0/0    18:36   2:53   0:00 
Mika Zibanejad           0  0  0   0  0   5  1  0  0  0  11/30  22:46   2:53   3:52 
Mike Hoffman             0  1  1   1  0   1  1  0  0  0  1/1    18:19   3:09   1:37 
Nick Bonino              1  0  1   1  0   1  0  0  0  0  1/1    16:24   3:09   0:00 
Nick Cousins             0  0  0   0  0   0  0  0  0  0  0/0     6:00   0:00   1:05 
Riley Nash               0  0  0   0  0   1  0  0  0  0  5/10    4:55   0:00   0:00 
Ryan McDonagh            0  1  1  -1  0   1  3  3  0  0  0/0    22:39   3:08   3:05 
Tim Heed                 0  0  0   0  0   0  0  0  0  0  0/0     0:28   0:00   0:28 
Travis Zajac             0  0  0   0  2   2  0  0  0  0  6/9    14:22   0:00   0:41 
Tyler Seguin             2  0  2   0  0   5  0  0  0  0  2/4    20:31   2:53   1:37 
Vladislav Namestnikov    0  1  1   0  0   1  0  0  0  0  0/0    13:42   0:00   0:00 
Zdeno Chara              0  1  1   2  0   0  0  2  0  0  0/0    22:12   2:54   3:00 

Players Stats for WINNIPEG

Player Name              G  A  P  +/- PIM S  H  SB GA TA FO     MP     PP MP  PK MP  
------------------------------------------------------------------------------------
Alex Biega               0  0  0   0  0   0  0  1  0  0  0/0     5:22   0:00   1:11 
Alex Ovechkin            1  0  1   0  0   10 3  0  0  0  0/0    20:01   2:49   0:00 
Alexander Edler          0  0  0  -1  2   2  1  1  0  0  0/0    21:07   3:16   2:19 
Antoine Roussel          0  0  0   0  0   0  0  0  0  0  2/2     3:22   0:00   1:50 
Chris Tanev              0  0  0  -1  0   2  0  2  0  0  0/0    20:20   2:49   1:59 
Dan Hamhuis              0  0  0   0  0   0  0  0  0  0  0/0     6:16   0:00   1:23 
Gustav Forsling          0  0  0   1  0   0  1  0  0  0  0/0    12:17   0:00   0:00 
J.T. Miller              2  0  2   1  0   4  1  0  0  0  0/0    17:52   2:53   0:31 
Jay Beagle               0  1  1   0  2   1  1  2  0  0  15/25  18:58   3:12   2:56 
Jonah Gadjovich          0  0  0   0  0   0  1  0  0  0  0/0     0:50   0:08   0:00 
Justin Braun             0  0  0  -1  2   1  1  1  0  0  0/0    20:10   3:08   2:04 
Loui Eriksson            0  0  0  -2  0   0  0  0  0  0  0/0    17:57   0:00   0:50 
Marcus Pettersson        0  1  1  -1  0   1  1  3  0  0  0/0    17:41   0:00   2:42 
Nic Dowd                 0  0  0  -2  0   1  0  1  0  0  6/17   16:25   0:00   0:00 
Oscar Fantenberg         0  1  1   1  2   0  1  0  0  0  0/0    12:53   0:00   0:25 
Patric Hornqvist         1  0  1   1  0   1  2  0  0  0  0/2    17:09   2:53   0:00 
Patrick Kane             0  0  0   0  0   1  0  0  0  0  0/2    19:48   3:12   0:06 
Sidney Crosby            0  3  3   1  0   2  1  0  0  0  18/27  22:55   2:53   2:07 
Tyler Toffoli            0  0  0  -2  0   5  1  0  0  0  1/4    20:53   3:12   2:06 
Zack MacEwen             0  0  0   0  0   0  0  0  0  0  0/0     0:00   0:00   0:00 

3 Stars

1 - J.T. Miller (WPG)
2 - Tyler Seguin (LOS)
3 - Jonathan Toews (LOS)

Power Play

LOS ANGELES - 1 on 4 Attempt(s) - 25.00%
WINNIPEG - 1 on 4 Attempt(s) - 25.00%

Penalty Kill

LOS ANGELES - 3 on 4 Attempt(s) - 75.00% - Score 0 goal in Penalty Kill
WINNIPEG - 3 on 4 Attempt(s) - 75.00% - Score 0 goal in Penalty Kill

Team Stat

LOS ANGELES - Hits : 12 - Faceoff Wins : 37 - Blocked Shots : 8 - Penalty Minutes : 8
WINNIPEG - Hits : 15 - Faceoff Wins : 42 - Blocked Shots : 11 - Penalty Minutes : 8

Official

Referees : Jean Luc Denicourt and Steven Jakobson
Linesman : Justin Cornell and Corey Leuders

Game Notes

No Game Note

Finance

Level 1 -- Attendance: 6000 (100.00%) -- Ticket Income $516,000
Level 2 -- Attendance: 5000 (100.00%) -- Ticket Income $255,000
Level 3 -- Attendance: 2000 (100.00%) -- Ticket Income $2,000
Level 4 -- Attendance: 4000 (100.00%) -- Ticket Income $64,000
Luxury Box -- Attendance: 1000 (100.00%) -- Ticket Income $174,000
Game was played at the MTS Centre.
Total Attendance: 18000 (100.00%)
Total Ticket Income: $1,011,000
Total Income: $1,011,000

LOS ANGELES

5 vs 5 Forward 
   Center                   Left Wing                Right Wing               Time % Phy DF OF 
 1 Mika Zibanejad           Tyler Seguin             Matthew Tkachuk          35     1   2  2  
 2 Jonathan Toews           Nick Bonino              Mike Hoffman             30     1   2  2  
 3 Travis Zajac             Vladislav Namestnikov    Artem Anisimov           25     1   2  2  
 4 Riley Nash               Nick Cousins             Gabriel Bourque          10     1   2  2  

5 vs 5 Defense 
   Defense                  Defense                                           Time % Phy DF OF 
 1 Kris Letang              Ryan McDonagh                                     35     1   2  2  
 2 Zdeno Chara              Alex Goligoski                                    30     1   2  2  
 3 Johnny Boychuk           Josh Manson                                       25     1   2  2  
 4 Zdeno Chara              Kris Letang                                       10     1   2  2  

PowerPlay Forward 
   Center                   Left Wing                Right Wing               Time % Phy DF OF 
 1 Mika Zibanejad           Tyler Seguin             Matthew Tkachuk          60     1   2  2  
 2 Jonathan Toews           Nick Bonino              Mike Hoffman             40     1   2  2  

PowerPlay Defense
   Defense                  Defense                                           Time % Phy DF OF 
 1 Kris Letang              Ryan McDonagh                                     60     1   2  2  
 2 Zdeno Chara              Alex Goligoski                                    40     1   2  2  

Penalty Kill 4 Players Forward 
   Center                   Wing                     Time % Phy DF OF 
 1 Mika Zibanejad           Jonathan Toews           60     1   2  2  
 2 Tyler Seguin             Mike Hoffman             40     1   2  2  

Penalty Kill 4 Players Defense
   Defense                  Defense                  Time % Phy DF OF 
 1 Kris Letang              Ryan McDonagh            60     1   2  2  
 2 Zdeno Chara              Alex Goligoski           40     1   2  2  

Penalty Kill - 3 Players Forward 
   Forward                                           Time % Phy DF OF 
 1 Mika Zibanejad                                    60     1   2  2  
 2 Jonathan Toews                                    40     1   2  2  

Penalty Kill - 3 Players Defense
   Defense                  Defense                  Time % Phy DF OF 
 1 Kris Letang              Ryan McDonagh            60     1   2  2  
 2 Zdeno Chara              Alex Goligoski           40     1   2  2  

4 vs 4 Forward 
   Center                   Wing                     Time % Phy DF OF 
 1 Mika Zibanejad           Jonathan Toews           60     1   2  2  
 2 Tyler Seguin             Matthew Tkachuk          40     1   2  2  

4 vs 4 Defense
   Defense                  Defense                  Time % Phy DF OF 
 1 Kris Letang              Ryan McDonagh            60     1   2  2  
 2 Zdeno Chara              Alex Goligoski           40     1   2  2  

Last Minutes Offensive
   Center                   Left Wing                Right Wing               Defense                  Defense                  
   Mika Zibanejad           Tyler Seguin             Mike Hoffman             Kris Letang              Ryan McDonagh            

Last Minutes Defensive
   Center                   Left Wing                Right Wing               Defense                  Defense                  
   Mika Zibanejad           Tyler Seguin             Mike Hoffman             Kris Letang              Ryan McDonagh            

Goaltenders
Starting : Antti Raanta             
Backup : Devin Williams           

Extra Forwards
Normal : Vladislav Namestnikov, Artem Anisimov, Nick Cousins - PP : Vladislav Namestnikov, Artem Anisimov - PK : Nick Cousins
Extra Defensemen
Normal : Johnny Boychuk, Josh Manson, Tim Heed - PP : Johnny Boychuk - PK : Josh Manson, Tim Heed
Penalty Shots
Mika Zibanejad, Jonathan Toews, Tyler Seguin, Mike Hoffman, Nick Bonino

Scratches
Valentin Zykov (Healthy), Jaroslav Halak (Healthy)

WINNIPEG

5 vs 5 Forward 
   Center                   Left Wing                Right Wing               Time % Phy DF OF 
 1 Nic Dowd                 Tyler Toffoli            Loui Eriksson            30     1   2  2  
 2 Jay Beagle               Alex Ovechkin            Patrick Kane             30     1   2  2  
 3 Sidney Crosby            J.T. Miller              Patric Hornqvist         30     1   2  2  
 4 Sidney Crosby            Patrick Kane             Alex Ovechkin            10     1   2  2  

5 vs 5 Defense 
   Defense                  Defense                                           Time % Phy DF OF 
 1 Alexander Edler          Chris Tanev                                       40     1   2  2  
 2 Marcus Pettersson        Justin Braun                                      40     1   2  2  
 3 Oscar Fantenberg         Gustav Forsling                                   20     1   2  2  
 4 Alex Biega               Dan Hamhuis                                       0      1   2  2  

PowerPlay Forward 
   Center                   Left Wing                Right Wing               Time % Phy DF OF 
 1 Sidney Crosby            J.T. Miller              Patric Hornqvist         60     1   2  2  
 2 Jay Beagle               Patrick Kane             Tyler Toffoli            40     1   2  2  

PowerPlay Defense
   Defense                  Defense                                           Time % Phy DF OF 
 1 Alexander Edler          Justin Braun                                      60     1   2  2  
 2 Chris Tanev              Alex Ovechkin                                     40     1   2  2  

Penalty Kill 4 Players Forward 
   Center                   Wing                     Time % Phy DF OF 
 1 Jay Beagle               Tyler Toffoli            60     1   2  2  
 2 Sidney Crosby            J.T. Miller              40     1   2  2  

Penalty Kill 4 Players Defense
   Defense                  Defense                  Time % Phy DF OF 
 1 Alexander Edler          Justin Braun             60     1   2  2  
 2 Chris Tanev              Marcus Pettersson        40     1   2  2  

Penalty Kill - 3 Players Forward 
   Forward                                           Time % Phy DF OF 
 1 Jay Beagle                                        60     1   2  2  
 2 Sidney Crosby                                     40     1   2  2  

Penalty Kill - 3 Players Defense
   Defense                  Defense                  Time % Phy DF OF 
 1 Alexander Edler          Justin Braun             60     1   2  2  
 2 Chris Tanev              Marcus Pettersson        40     1   2  2  

4 vs 4 Forward 
   Center                   Wing                     Time % Phy DF OF 
 1 J.T. Miller              Patrick Kane             60     1   2  2  
 2 Sidney Crosby            Alex Ovechkin            40     1   2  2  

4 vs 4 Defense
   Defense                  Defense                  Time % Phy DF OF 
 1 Alexander Edler          Justin Braun             60     1   2  2  
 2 Chris Tanev              Marcus Pettersson        40     1   2  2  

Last Minutes Offensive
   Center                   Left Wing                Right Wing               Defense                  Defense                  
   Sidney Crosby            Alex Ovechkin            J.T. Miller              Tyler Toffoli            Patrick Kane             

Last Minutes Defensive
   Center                   Left Wing                Right Wing               Defense                  Defense                  
   Sidney Crosby            Alex Ovechkin            J.T. Miller              Alexander Edler          Chris Tanev              

Goaltenders
Starting : Connor Hellebuyck        
Backup : Louis Domingue           

Extra Forwards
Normal : Patric Hornqvist, Loui Eriksson, Antoine Roussel - PP : Patric Hornqvist, Loui Eriksson - PK : Antoine Roussel
Extra Defensemen
Normal : Jonah Gadjovich, Oscar Fantenberg, Dan Hamhuis - PP : Jonah Gadjovich - PK : Oscar Fantenberg, Dan Hamhuis
Penalty Shots
Alex Ovechkin, Patrick Kane, Sidney Crosby, J.T. Miller, Tyler Toffoli

Scratches
None


% Time on Ice - LOS ANGELES

Lines # - Real PCT - Wanted PCT - Time Play
Normal Forward
1 - 33% - 35% - 15:43
2 - 28% - 30% - 13:15
3 - 29% - 25% - 13:42
4 - 10% - 10% - 4:55
Normal Defense
1 - 36% - 35% - 17:18
2 - 29% - 30% - 13:59
3 - 29% - 25% - 13:59
4 - 5% - 10% - 2:19
PP Forward
1 - 48% - 60% - 2:53
2 - 52% - 40% - 3:09
PP Defense
1 - 52% - 60% - 3:08
2 - 48% - 40% - 2:54
PK Forward
1 - 73% - 60% - 4:28
2 - 27% - 40% - 1:37
PK Defense
1 - 57% - 60% - 3:28
2 - 43% - 40% - 2:37
PK3 Forward
1 - 0% - 60%
2 - 0% - 40%
PK3 Defense
1 - 0% - 60%
2 - 0% - 40%
44 Forward
1 - 0% - 60%
2 - 0% - 40%
44 Defense
1 - 0% - 60%
2 - 0% - 40%
Last Minute Offensive  - 0:00
Last Minute Defensive  - 0:18
Total
Forward - 60:00
Defense - 60:00

% Time on Ice - WINNIPEG

Lines # - Real PCT - Wanted PCT - Time Play
Normal Forward
1 - 35% - 30% - 16:25
2 - 27% - 30% - 12:51
3 - 30% - 30% - 14:16
4 - 7% - 10% - 3:27
Normal Defense
1 - 33% - 40% - 15:32
2 - 32% - 40% - 14:59
3 - 26% - 20% - 12:17
4 - 9% - 0% - 4:11
PP Forward
1 - 47% - 60% - 2:53
2 - 53% - 40% - 3:12
PP Defense
1 - 54% - 60% - 3:16
2 - 46% - 40% - 2:49
PK Forward
1 - 88% - 60% - 3:53
2 - 12% - 40% - 0:31
PK Defense
1 - 55% - 60% - 2:25
2 - 45% - 40% - 1:59
PK3 Forward
1 - 63% - 60% - 1:02
2 - 37% - 40% - 0:36
PK3 Defense
1 - 100% - 60% - 1:38
2 - 0% - 40% - 0:00
44 Forward
1 - 0% - 60%
2 - 0% - 40%
44 Defense
1 - 0% - 60%
2 - 0% - 40%
Last Minute Offensive  - 0:54
Last Minute Defensive  - 0:00
Total
Forward - 60:00
Defense - 60:00

Play-by-Play

1st period


0:01 of 1st period - Tyler Seguin wins face-off versus Nic Dowd in neutral zone.
0:51 of 1st period - Icing by Tyler Toffoli.
0:52 of 1st period - Mike Hoffman wins face-off versus Nic Dowd in WINNIPEG zone.
1:05 of 1st period - Shot by Jonathan Toews.
1:05 of 1st period - Shot Misses the Net.
1:07 of 1st period - Shot by Mike Hoffman.
1:07 of 1st period - Stopped by Connor Hellebuyck with a rebound.
1:09 of 1st period - Shot by Mike Hoffman.
1:09 of 1st period - Deflect By Jonathan Toews.
1:09 of 1st period - Goal by Jonathan Toews - LOS ANGELES : 1 - WINNIPEG : 0.
1:10 of 1st period - Travis Zajac wins face-off versus Jay Beagle in neutral zone.
1:21 of 1st period - Johnny Boychuk is hit by Alex Ovechkin and loses puck.
2:21 of 1st period - Off-side.
2:22 of 1st period - Sidney Crosby wins face-off versus Jonathan Toews in neutral zone.
2:25 of 1st period - Mike Hoffman is hit by Sidney Crosby and loses puck.
2:47 of 1st period - Icing by J.T. Miller.
2:48 of 1st period - Sidney Crosby wins face-off versus Riley Nash in WINNIPEG zone.
2:57 of 1st period - Icing by Nick Cousins.
2:58 of 1st period - Riley Nash wins face-off versus Tyler Toffoli in LOS ANGELES zone.
3:03 of 1st period - Shot by Ryan McDonagh.
3:03 of 1st period - Shot Blocked by Nic Dowd.
3:08 of 1st period - Off-side.
3:09 of 1st period - Jay Beagle wins face-off versus Tyler Seguin in neutral zone.
5:34 of 1st period - Shot by Alex Goligoski.
5:34 of 1st period - Stopped by Connor Hellebuyck with a rebound.
6:04 of 1st period - Shot by Tyler Toffoli.
6:04 of 1st period - Stopped by Antti Raanta without a rebound.
6:05 of 1st period - Nic Dowd wins face-off versus Mika Zibanejad in LOS ANGELES zone.
7:08 of 1st period - Shot by Ryan McDonagh.
7:08 of 1st period - Stopped by Connor Hellebuyck with a rebound.
7:19 of 1st period - Alex Ovechkin is hit by Ryan McDonagh and loses puck.
8:21 of 1st period - Shot by J.T. Miller.
8:21 of 1st period - Shot Misses the Net.
8:23 of 1st period - Shot by Justin Braun.
8:23 of 1st period - Shot Blocked by Alex Goligoski.
8:55 of 1st period - Shot by Tyler Toffoli.
8:55 of 1st period - Stopped by Antti Raanta without a rebound.
8:56 of 1st period - Sidney Crosby wins face-off versus Tyler Seguin in LOS ANGELES zone.
9:01 of 1st period - Shot by Patrick Kane.
9:01 of 1st period - Shot Misses the Net.
9:07 of 1st period - Shot by Alex Ovechkin.
9:07 of 1st period - Deflect By Sidney Crosby.
9:07 of 1st period - Stopped by Antti Raanta without a rebound.
9:08 of 1st period - Sidney Crosby wins face-off versus Jonathan Toews in LOS ANGELES zone.
9:15 of 1st period - Shot by Alex Ovechkin.
9:15 of 1st period - Stopped by Antti Raanta with a rebound.
9:25 of 1st period - Shot by Sidney Crosby.
9:25 of 1st period - Deflect By Alex Ovechkin.
9:25 of 1st period - Stopped by Antti Raanta without a rebound.
9:26 of 1st period - Sidney Crosby wins face-off versus Mika Zibanejad in LOS ANGELES zone.
9:47 of 1st period - Shot by Sidney Crosby.
9:47 of 1st period - Stopped by Antti Raanta without a rebound.
9:48 of 1st period - Jay Beagle wins face-off versus Jonathan Toews in LOS ANGELES zone.
9:57 of 1st period - Shot by Alex Ovechkin.
9:57 of 1st period - Shot Misses the Net.
9:59 of 1st period - Shot by Jay Beagle.
9:59 of 1st period - Stopped by Antti Raanta without a rebound.
10:00 of 1st period - Nic Dowd wins face-off versus Mika Zibanejad in LOS ANGELES zone.
10:13 of 1st period - Shot by Loui Eriksson.
10:13 of 1st period - Shot Misses the Net.
10:17 of 1st period - Shot by Nic Dowd.
10:17 of 1st period - Deflect By Tyler Toffoli.
10:17 of 1st period - Shot Misses the Net.
10:23 of 1st period - Shot by Nic Dowd.
10:23 of 1st period - Stopped by Antti Raanta without a rebound.
10:24 of 1st period - Jonathan Toews wins face-off versus Jay Beagle in LOS ANGELES zone.
10:55 of 1st period - Shot by Nick Bonino.
10:55 of 1st period - Shot Blocked by Marcus Pettersson.
11:45 of 1st period - Shot by Tyler Seguin.
11:45 of 1st period - Stopped by Connor Hellebuyck with a rebound.
13:21 of 1st period - Shot by J.T. Miller.
13:21 of 1st period - Shot Blocked by Ryan McDonagh.
13:45 of 1st period - Shot by Tyler Toffoli.
13:45 of 1st period - Shot Misses the Net.
13:47 of 1st period - Shot by Tyler Toffoli.
13:47 of 1st period - Shot Misses the Net.
13:49 of 1st period - Shot by Oscar Fantenberg.
13:49 of 1st period - Shot Misses the Net.
14:05 of 1st period - Icing by Zdeno Chara.
14:06 of 1st period - Jonathan Toews wins face-off versus Nic Dowd in LOS ANGELES zone.
15:12 of 1st period - Shot by Tyler Seguin.
15:12 of 1st period - Goal by Tyler Seguin - LOS ANGELES : 2 - WINNIPEG : 0.
15:13 of 1st period - Travis Zajac wins face-off versus Nic Dowd in neutral zone.
15:24 of 1st period - Shot by Tyler Toffoli.
15:24 of 1st period - Shot Blocked by Ryan McDonagh.
16:08 of 1st period - Shot by Matthew Tkachuk.
16:08 of 1st period - Shot Misses the Net.
16:26 of 1st period - Shot by Matthew Tkachuk.
16:26 of 1st period - Stopped by Connor Hellebuyck without a rebound.
16:27 of 1st period - Riley Nash wins face-off versus Sidney Crosby in WINNIPEG zone.
16:34 of 1st period - Shot by Sidney Crosby.
16:34 of 1st period - Shot Misses the Net.
16:44 of 1st period - Shot by Sidney Crosby.
16:44 of 1st period - Deflect By Alex Ovechkin.
16:44 of 1st period - Stopped by Antti Raanta without a rebound.
16:45 of 1st period - Sidney Crosby wins face-off versus Mika Zibanejad in LOS ANGELES zone.
16:48 of 1st period - Shot by Sidney Crosby.
16:48 of 1st period - Shot Misses the Net.
17:10 of 1st period - Shot by Tyler Seguin.
17:10 of 1st period - Shot Misses the Net.
17:16 of 1st period - Shot by Matthew Tkachuk.
17:16 of 1st period - Stopped by Connor Hellebuyck without a rebound.
17:17 of 1st period - Jay Beagle wins face-off versus Jonathan Toews in WINNIPEG zone.
17:49 of 1st period - Patrick Kane is hit by Kris Letang and loses puck.
18:18 of 1st period - Minor Penalty to Travis Zajac for Holding.
18:19 of 1st period - Sidney Crosby wins face-off versus Mika Zibanejad in LOS ANGELES zone.
18:26 of 1st period - Shot by Patric Hornqvist.
18:26 of 1st period - Goal by Patric Hornqvist - LOS ANGELES : 2 - WINNIPEG : 1.
18:27 of 1st period - Sidney Crosby wins face-off versus Mika Zibanejad in neutral zone.
Goals for this period are 2 for LOS ANGELES vs 1 for WINNIPEG.
Shots for this period are 8 for LOS ANGELES vs 10 for WINNIPEG.

2nd period


0:01 of 2nd period - Sidney Crosby wins face-off versus Mika Zibanejad in neutral zone.
0:25 of 2nd period - Alex Ovechkin is hit by Kris Letang and loses puck.
0:52 of 2nd period - Icing by Matthew Tkachuk.
0:53 of 2nd period - Mika Zibanejad wins face-off versus Tyler Toffoli in LOS ANGELES zone.
1:42 of 2nd period - Shot by Alex Goligoski.
1:42 of 2nd period - Shot Misses the Net.
1:49 of 2nd period - Icing by Oscar Fantenberg.
1:50 of 2nd period - Sidney Crosby wins face-off versus Travis Zajac in WINNIPEG zone.
1:54 of 2nd period - Minor Penalty to Josh Manson for Roughing.
1:55 of 2nd period - Mika Zibanejad wins face-off versus Jay Beagle in LOS ANGELES zone.
3:58 of 2nd period - Shot by Alex Ovechkin.
3:58 of 2nd period - Shot Blocked by Johnny Boychuk.
4:08 of 2nd period - Shot by Travis Zajac.
4:08 of 2nd period - Stopped by Connor Hellebuyck with a rebound.
4:16 of 2nd period - Shot by Vladislav Namestnikov.
4:16 of 2nd period - Shot Misses the Net.
4:20 of 2nd period - Shot by Artem Anisimov.
4:20 of 2nd period - Shot Misses the Net.
4:25 of 2nd period - Icing by Oscar Fantenberg.
4:26 of 2nd period - Riley Nash wins face-off versus Nic Dowd in WINNIPEG zone.
4:43 of 2nd period - Shot by Riley Nash.
4:43 of 2nd period - Stopped by Connor Hellebuyck without a rebound.
4:44 of 2nd period - Jonathan Toews wins face-off versus Patrick Kane in WINNIPEG zone.
5:11 of 2nd period - Icing by Dan Hamhuis.
5:12 of 2nd period - Jay Beagle wins face-off versus Mika Zibanejad in WINNIPEG zone.
5:21 of 2nd period - Shot by Patrick Kane.
5:21 of 2nd period - Stopped by Antti Raanta without a rebound.
5:22 of 2nd period - Travis Zajac wins face-off versus Sidney Crosby in LOS ANGELES zone.
5:32 of 2nd period - Shot by J.T. Miller.
5:32 of 2nd period - Shot Hit the Post.
5:52 of 2nd period - Travis Zajac is hit by Patric Hornqvist and loses puck.
6:00 of 2nd period - Sidney Crosby is hit by Ryan McDonagh and loses puck.
6:15 of 2nd period - Shot by Marcus Pettersson.
6:15 of 2nd period - Stopped by Antti Raanta without a rebound.
6:16 of 2nd period - Mika Zibanejad wins face-off versus Patrick Kane in LOS ANGELES zone.
6:23 of 2nd period - Shot by Matthew Tkachuk.
6:23 of 2nd period - Shot Misses the Net.
6:25 of 2nd period - Shot by Alex Goligoski.
6:25 of 2nd period - Shot Misses the Net.
6:35 of 2nd period - Shot by Mika Zibanejad.
6:35 of 2nd period - Deflect By Matthew Tkachuk.
6:35 of 2nd period - Shot Misses the Net.
6:37 of 2nd period - Shot by Mika Zibanejad.
6:37 of 2nd period - Shot Misses the Net.
6:57 of 2nd period - Shot by Tyler Seguin.
6:57 of 2nd period - Shot Misses the Net.
7:39 of 2nd period - Icing by Jonathan Toews.
7:40 of 2nd period - Jonathan Toews wins face-off versus Sidney Crosby in LOS ANGELES zone.
8:24 of 2nd period - Shot by Travis Zajac.
8:24 of 2nd period - Deflect By Artem Anisimov.
8:24 of 2nd period - Shot Misses the Net.
9:02 of 2nd period - Shot by Mika Zibanejad.
9:02 of 2nd period - Shot Misses the Net.
9:10 of 2nd period - Shot by Matthew Tkachuk.
9:10 of 2nd period - Stopped by Connor Hellebuyck without a rebound.
9:11 of 2nd period - Jay Beagle wins face-off versus Riley Nash in WINNIPEG zone.
9:13 of 2nd period - Icing by Justin Braun.
9:14 of 2nd period - Jonathan Toews wins face-off versus Jay Beagle in WINNIPEG zone.
9:25 of 2nd period - Shot by Nick Bonino.
9:25 of 2nd period - Shot Blocked by Jay Beagle.
9:33 of 2nd period - Johnny Boychuk is hit by Alex Ovechkin and loses puck.
9:40 of 2nd period - Shot by Alex Ovechkin.
9:40 of 2nd period - Stopped by Antti Raanta without a rebound.
9:41 of 2nd period - Mika Zibanejad wins face-off versus Nic Dowd in LOS ANGELES zone.
9:41 of 2nd period - Tyler Seguin is hit by Tyler Toffoli and loses puck.
9:56 of 2nd period - Shot by Nic Dowd.
9:56 of 2nd period - Shot Blocked by Kris Letang.
10:16 of 2nd period - Nic Dowd is hit by Matthew Tkachuk and loses puck.
10:29 of 2nd period - Minor Penalty to Jay Beagle for Hooking.
10:30 of 2nd period - Antoine Roussel wins face-off versus Jonathan Toews in WINNIPEG zone.
10:50 of 2nd period - Icing by Jonathan Toews.
10:51 of 2nd period - Antoine Roussel wins face-off versus Jonathan Toews in LOS ANGELES zone.
11:02 of 2nd period - Shot by Ryan McDonagh.
11:02 of 2nd period - Shot Misses the Net.
11:04 of 2nd period - Shot by Ryan McDonagh.
11:04 of 2nd period - Shot Misses the Net.
11:36 of 2nd period - Shot by Mika Zibanejad.
11:36 of 2nd period - Stopped by Connor Hellebuyck without a rebound.
11:37 of 2nd period - Sidney Crosby wins face-off versus Mika Zibanejad in WINNIPEG zone.
12:06 of 2nd period - Shot by Tyler Seguin.
12:06 of 2nd period - Shot Misses the Net.
12:36 of 2nd period - Shot by Patrick Kane.
12:36 of 2nd period - Shot Misses the Net.
12:50 of 2nd period - Shot by Jay Beagle.
12:50 of 2nd period - Shot Misses the Net.
12:52 of 2nd period - Shot by Oscar Fantenberg.
12:52 of 2nd period - Shot Hit the Post.
13:00 of 2nd period - Shot by Alex Ovechkin.
13:00 of 2nd period - Stopped by Antti Raanta without a rebound.
13:01 of 2nd period - Sidney Crosby wins face-off versus Riley Nash in LOS ANGELES zone.
13:06 of 2nd period - Shot by J.T. Miller.
13:06 of 2nd period - Shot Misses the Net.
13:08 of 2nd period - Shot by Justin Braun.
13:08 of 2nd period - Stopped by Antti Raanta without a rebound.
13:09 of 2nd period - Sidney Crosby wins face-off versus Jonathan Toews in LOS ANGELES zone.
13:44 of 2nd period - Shot by Sidney Crosby.
13:44 of 2nd period - Shot Misses the Net.
14:02 of 2nd period - Johnny Boychuk is hit by J.T. Miller.
14:08 of 2nd period - Shot by Tyler Seguin.
14:08 of 2nd period - Shot Blocked by Chris Tanev.
14:10 of 2nd period - Shot by Mika Zibanejad.
14:10 of 2nd period - Shot Blocked by Alexander Edler.
15:11 of 2nd period - Shot by Alex Ovechkin.
15:11 of 2nd period - Shot Blocked by Ryan McDonagh.
16:22 of 2nd period - Icing by Zdeno Chara.
16:23 of 2nd period - Riley Nash wins face-off versus Nic Dowd in LOS ANGELES zone.
16:25 of 2nd period - Icing by Zdeno Chara.
16:26 of 2nd period - Nic Dowd wins face-off versus Riley Nash in LOS ANGELES zone.
16:33 of 2nd period - Shot by Tyler Toffoli.
16:33 of 2nd period - Stopped by Antti Raanta with a rebound.
16:53 of 2nd period - Off-side.
16:54 of 2nd period - Nic Dowd wins face-off versus Mika Zibanejad in neutral zone.
16:56 of 2nd period - Tyler Toffoli is hit by Kris Letang and loses puck.
17:15 of 2nd period - Shot by Mika Zibanejad.
17:15 of 2nd period - Deflect By Tyler Seguin.
17:15 of 2nd period - Shot Misses the Net.
17:46 of 2nd period - J.T. Miller is hit by Mika Zibanejad and loses puck.
18:04 of 2nd period - J.T. Miller is hit by Kris Letang and loses puck.
18:08 of 2nd period - Icing by Mika Zibanejad.
18:09 of 2nd period - Jay Beagle wins face-off versus Mika Zibanejad in LOS ANGELES zone.
18:10 of 2nd period - Shot by Alex Ovechkin.
18:10 of 2nd period - Goal by Alex Ovechkin - LOS ANGELES : 2 - WINNIPEG : 2.
18:11 of 2nd period - Jonathan Toews wins face-off versus Jay Beagle in neutral zone.
18:11 of 2nd period - Jonathan Toews is hit by Alex Ovechkin.
18:17 of 2nd period - Shot by Nick Bonino.
18:17 of 2nd period - Shot Blocked by Justin Braun.
18:28 of 2nd period - Off-side.
18:29 of 2nd period - Travis Zajac wins face-off versus Sidney Crosby in neutral zone.
18:32 of 2nd period - Shot by Artem Anisimov.
18:32 of 2nd period - Stopped by Connor Hellebuyck with a rebound.
18:36 of 2nd period - Shot by Vladislav Namestnikov.
18:36 of 2nd period - Stopped by Connor Hellebuyck without a rebound.
18:37 of 2nd period - Jay Beagle wins face-off versus Jonathan Toews in WINNIPEG zone.
18:48 of 2nd period - Shot by Alex Ovechkin.
18:48 of 2nd period - Stopped by Antti Raanta without a rebound.
18:49 of 2nd period - Nic Dowd wins face-off versus Travis Zajac in LOS ANGELES zone.
Goals for this period are 0 for LOS ANGELES vs 1 for WINNIPEG.
Shots for this period are 6 for LOS ANGELES vs 8 for WINNIPEG.

3rd period


0:01 of 3rd period - Mika Zibanejad wins face-off versus Sidney Crosby in neutral zone.
0:15 of 3rd period - Icing by Ryan McDonagh.
0:16 of 3rd period - Mika Zibanejad wins face-off versus Nic Dowd in LOS ANGELES zone.
0:27 of 3rd period - Shot by Mika Zibanejad.
0:27 of 3rd period - Stopped by Connor Hellebuyck without a rebound.
0:28 of 3rd period - Sidney Crosby wins face-off versus Jonathan Toews in WINNIPEG zone.
1:26 of 3rd period - Icing by Zdeno Chara.
1:27 of 3rd period - Nic Dowd wins face-off versus Jonathan Toews in LOS ANGELES zone.
2:29 of 3rd period - Shot by Mika Zibanejad.
2:29 of 3rd period - Stopped by Connor Hellebuyck with a rebound.
2:49 of 3rd period - Oscar Fantenberg is hit by Josh Manson and loses puck.
3:07 of 3rd period - Shot by Artem Anisimov.
3:07 of 3rd period - Deflect By Travis Zajac.
3:07 of 3rd period - Stopped by Connor Hellebuyck without a rebound.
3:08 of 3rd period - Sidney Crosby wins face-off versus Riley Nash in WINNIPEG zone.
3:20 of 3rd period - Nick Cousins is hit by Patric Hornqvist and loses puck.
3:26 of 3rd period - Gabriel Bourque is hit by Marcus Pettersson and loses puck.
3:34 of 3rd period - Riley Nash is hit by Justin Braun and loses puck.
3:35 of 3rd period - Minor Penalty to Justin Braun for High sticking.
3:36 of 3rd period - Jay Beagle wins face-off versus Mika Zibanejad in WINNIPEG zone.
3:56 of 3rd period - Minor Penalty to Alexander Edler for Hooking.
3:57 of 3rd period - Jonathan Toews wins face-off versus Jay Beagle in WINNIPEG zone.
4:58 of 3rd period - Shot by Tyler Seguin.
4:58 of 3rd period - Shot Blocked by Alex Biega.
5:00 of 3rd period - Shot by Ryan McDonagh.
5:00 of 3rd period - Shot Misses the Net.
5:02 of 3rd period - Shot by Mika Zibanejad.
5:02 of 3rd period - Stopped by Connor Hellebuyck without a rebound.
5:03 of 3rd period - Jay Beagle wins face-off versus Mika Zibanejad in WINNIPEG zone.
5:09 of 3rd period - Icing by Kris Letang.
5:10 of 3rd period - Mika Zibanejad wins face-off versus Jay Beagle in LOS ANGELES zone.
5:19 of 3rd period - Shot by Mika Zibanejad.
5:19 of 3rd period - Shot Blocked by Jay Beagle.
5:21 of 3rd period - Shot by Kris Letang.
5:21 of 3rd period - Stopped by Connor Hellebuyck without a rebound.
5:22 of 3rd period - Jonathan Toews wins face-off versus Jay Beagle in WINNIPEG zone.
5:39 of 3rd period - Shot by Jonathan Toews.
5:39 of 3rd period - Deflect By Nick Bonino.
5:39 of 3rd period - Goal by Nick Bonino - LOS ANGELES : 3 - WINNIPEG : 2.
5:40 of 3rd period - Sidney Crosby wins face-off versus Mika Zibanejad in neutral zone.
5:47 of 3rd period - Shot by Marcus Pettersson.
5:47 of 3rd period - Deflect By J.T. Miller.
5:47 of 3rd period - Goal by J.T. Miller - LOS ANGELES : 3 - WINNIPEG : 3.
5:48 of 3rd period - Tyler Seguin wins face-off versus Patric Hornqvist in neutral zone.
5:59 of 3rd period - Shot by J.T. Miller.
5:59 of 3rd period - Stopped by Antti Raanta without a rebound.
6:00 of 3rd period - Jonathan Toews wins face-off versus Nic Dowd in LOS ANGELES zone.
6:21 of 3rd period - Shot by Tyler Toffoli.
6:21 of 3rd period - Stopped by Antti Raanta with a rebound.
6:23 of 3rd period - Shot by Chris Tanev.
6:23 of 3rd period - Stopped by Antti Raanta with a rebound.
6:25 of 3rd period - Shot by Chris Tanev.
6:25 of 3rd period - Shot Blocked by Zdeno Chara.
6:27 of 3rd period - Shot by Alexander Edler.
6:27 of 3rd period - Stopped by Antti Raanta without a rebound.
6:28 of 3rd period - Jay Beagle wins face-off versus Mika Zibanejad in LOS ANGELES zone.
6:28 of 3rd period - Jay Beagle is hit by Ryan McDonagh.
6:38 of 3rd period - Shot by Alex Ovechkin.
6:38 of 3rd period - Stopped by Antti Raanta without a rebound.
6:39 of 3rd period - Travis Zajac wins face-off versus Sidney Crosby in LOS ANGELES zone.
7:09 of 3rd period - Shot by J.T. Miller.
7:09 of 3rd period - Goal by J.T. Miller - LOS ANGELES : 3 - WINNIPEG : 4.
7:10 of 3rd period - Jay Beagle wins face-off versus Mika Zibanejad in neutral zone.
7:37 of 3rd period - Shot by Tyler Seguin.
7:37 of 3rd period - Goal by Tyler Seguin - LOS ANGELES : 4 - WINNIPEG : 4.
7:38 of 3rd period - Jonathan Toews wins face-off versus Nic Dowd in neutral zone.
8:03 of 3rd period - Shot by Mike Hoffman.
8:03 of 3rd period - Shot Misses the Net.
8:42 of 3rd period - Mika Zibanejad is hit by Alexander Edler.
8:53 of 3rd period - Off-side.
8:54 of 3rd period - Jay Beagle wins face-off versus Travis Zajac in neutral zone.
9:10 of 3rd period - Patrick Kane is hit by Josh Manson and loses puck.
9:27 of 3rd period - Shot by Vladislav Namestnikov.
9:27 of 3rd period - Shot Misses the Net.
9:29 of 3rd period - Shot by Johnny Boychuk.
9:29 of 3rd period - Stopped by Connor Hellebuyck without a rebound.
9:30 of 3rd period - Mika Zibanejad wins face-off versus Sidney Crosby in WINNIPEG zone.
9:46 of 3rd period - Mika Zibanejad is hit by Gustav Forsling and loses puck.
9:49 of 3rd period - Shot by Tyler Seguin.
9:49 of 3rd period - Shot Misses the Net.
9:51 of 3rd period - Shot by Mika Zibanejad.
9:51 of 3rd period - Shot Misses the Net.
9:53 of 3rd period - Shot by Ryan McDonagh.
9:53 of 3rd period - Shot Misses the Net.
9:55 of 3rd period - Shot by Mika Zibanejad.
9:55 of 3rd period - Shot Misses the Net.
10:06 of 3rd period - Mika Zibanejad is hit by Oscar Fantenberg and loses puck.
10:09 of 3rd period - Shot by Tyler Seguin.
10:09 of 3rd period - Stopped by Connor Hellebuyck without a rebound.
10:09 of 3rd period - Minor Penalty to Oscar Fantenberg for Charging.
10:10 of 3rd period - Tyler Toffoli wins face-off versus Jonathan Toews in WINNIPEG zone.
10:10 of 3rd period - Tyler Toffoli is hit by Mike Hoffman.
10:17 of 3rd period - Icing by Alex Goligoski.
10:18 of 3rd period - Nick Bonino wins face-off versus Jay Beagle in LOS ANGELES zone.
10:51 of 3rd period - Shot by Alex Goligoski.
10:51 of 3rd period - Shot Hit the Post.
11:34 of 3rd period - Shot by Mika Zibanejad.
11:34 of 3rd period - Stopped by Connor Hellebuyck without a rebound.
11:35 of 3rd period - Mika Zibanejad wins face-off versus Jay Beagle in WINNIPEG zone.
11:50 of 3rd period - Shot by Matthew Tkachuk.
11:50 of 3rd period - Shot Misses the Net.
11:52 of 3rd period - Shot by Ryan McDonagh.
11:52 of 3rd period - Shot Blocked by Marcus Pettersson.
11:54 of 3rd period - Shot by Kris Letang.
11:54 of 3rd period - Shot Blocked by Chris Tanev.
11:56 of 3rd period - Shot by Kris Letang.
11:56 of 3rd period - Stopped by Connor Hellebuyck with a rebound.
12:04 of 3rd period - Shot by Tyler Seguin.
12:04 of 3rd period - Stopped by Connor Hellebuyck without a rebound.
12:05 of 3rd period - Sidney Crosby wins face-off versus Jonathan Toews in WINNIPEG zone.
12:42 of 3rd period - Shot by Artem Anisimov.
12:42 of 3rd period - Shot Misses the Net.
12:44 of 3rd period - Shot by Josh Manson.
12:44 of 3rd period - Stopped by Connor Hellebuyck without a rebound.
12:45 of 3rd period - Jonathan Toews wins face-off versus Tyler Toffoli in WINNIPEG zone.
12:52 of 3rd period - Shot by Jonathan Toews.
12:52 of 3rd period - Shot Misses the Net.
13:07 of 3rd period - Minor Penalty to Alex Goligoski for High sticking.
13:08 of 3rd period - Mika Zibanejad wins face-off versus Sidney Crosby in LOS ANGELES zone.
13:37 of 3rd period - Shot by Alexander Edler.
13:37 of 3rd period - Stopped by Antti Raanta with a rebound.
14:01 of 3rd period - Shot by Alex Ovechkin.
14:01 of 3rd period - Shot Blocked by Zdeno Chara.
14:03 of 3rd period - Shot by Alex Ovechkin.
14:03 of 3rd period - Stopped by Antti Raanta without a rebound.
14:04 of 3rd period - Jay Beagle wins face-off versus Jonathan Toews in LOS ANGELES zone.
14:07 of 3rd period - Shot by Chris Tanev.
14:07 of 3rd period - Stopped by Antti Raanta without a rebound.
14:08 of 3rd period - Jay Beagle wins face-off versus Mika Zibanejad in LOS ANGELES zone.
15:22 of 3rd period - Icing by Sidney Crosby.
15:23 of 3rd period - Riley Nash wins face-off versus Patric Hornqvist in WINNIPEG zone.
15:42 of 3rd period - Shot by Sidney Crosby.
15:42 of 3rd period - Deflect By J.T. Miller.
15:42 of 3rd period - Stopped by Antti Raanta without a rebound.
15:43 of 3rd period - Travis Zajac wins face-off versus Nic Dowd in LOS ANGELES zone.
15:56 of 3rd period - Shot by Artem Anisimov.
15:56 of 3rd period - Shot Blocked by Marcus Pettersson.
16:19 of 3rd period - Shot by Artem Anisimov.
16:19 of 3rd period - Goal by Artem Anisimov - LOS ANGELES : 5 - WINNIPEG : 4.
16:20 of 3rd period - Jay Beagle wins face-off versus Mika Zibanejad in neutral zone.
16:32 of 3rd period - Minor Penalty to Kris Letang for Roughing.
16:33 of 3rd period - Mika Zibanejad wins face-off versus Sidney Crosby in LOS ANGELES zone.
17:12 of 3rd period - Shot by Alex Ovechkin.
17:12 of 3rd period - Shot Misses the Net.
17:36 of 3rd period - Shot by Patrick Kane.
17:36 of 3rd period - Deflect By Tyler Toffoli.
17:36 of 3rd period - Stopped by Antti Raanta with a rebound.
17:50 of 3rd period - Zdeno Chara is hit by Jay Beagle and loses puck.
19:01 of 3rd period - WINNIPEG, Connor Hellebuyck is pulled from the net.
19:10 of 3rd period - Travis Zajac is hit by Jonah Gadjovich and loses puck.
19:19 of 3rd period - Shot by Alex Ovechkin.
19:19 of 3rd period - Shot Misses the Net.
19:21 of 3rd period - Shot by Loui Eriksson.
19:21 of 3rd period - Shot Misses the Net.
19:47 of 3rd period - Shot by Loui Eriksson.
19:47 of 3rd period - Deflect By Alex Ovechkin.
19:47 of 3rd period - Stopped by Antti Raanta without a rebound.
19:48 of 3rd period - Sidney Crosby wins face-off versus Mika Zibanejad in LOS ANGELES zone.
Goals for this period are 3 for LOS ANGELES vs 2 for WINNIPEG.
Shots for this period are 14 for LOS ANGELES vs 13 for WINNIPEG.